 Dungeon Crawl Stone Soup version 0.21-a0-135-g8dc100c (webtiles) character file.

16 Kurtz the Skirmisher (level 2, 20/24 HPs)
             Began as a Mummy Abyssal Knight on July 18, 2017.
             Was a Follower of Lugonu.
             Quit the game on level 1 of the Dungeon.
             The game lasted 00:00:58 (868 turns).

Kurtz the Skirmisher (Mummy Abyssal Knight)          Turns: 868, Time: 00:00:59

Health: 20/24      AC:  6    Str: 15    XL:     2   Next: 41%
Magic:  3/3        EV:  9    Int: 11    God:    Lugonu [*.....]
Gold:   40         SH:  0    Dex: 11    Spells: 1/1 levels left

rFire    x . .     SeeInvis .   a - +1 hand axe
rCold    + . .     Gourm    .   (no shield)
rNeg     + + +     Faith    .   c - +0 scale mail
rPois    ∞         Spirit   .   (no helmet)
rElec    .         Reflect  .   (no cloak)
rCorr    +         Harm     .   (no gloves)
MR       .....                  (no boots)
Stlth    ..........             (no amulet)
HPRegen  0.08/turn              k - ring of resist corrosion
MPRegen  0.08/turn              (no ring)

@: no status effects
A: no food or potions, fire vulnerability, cold resistance 1, negative energy
resistance 3, torment resistance, unbreathing
a: Depart the Abyss, Renounce Religion


You were on level 1 of the Dungeon.
You worshipped Lugonu.
Lugonu was aware of your devotion.
You were not hungry.

You visited 1 branch of the dungeon, and saw 1 of its levels.
You visited the Abyss 1 time.

You collected 40 gold pieces.

Inventory:

Hand Weapons
 a - a +1 hand axe (weapon)
Missiles
 f - 4 tomahawks of returning (quivered)
Armour
 b - a +0 leather armour
 c - a +0 scale mail (worn)
Jewellery
 k - a ring of resist corrosion (left hand)
Scrolls
 e - a scroll of recharging {unknown}
 g - a scroll of fear {unknown}
 h - 2 scrolls of identify {unknown}
 i - a scroll of teleportation {unknown}
 j - a scroll of enchant weapon {unknown}
Books
 d - a book of Debilitation

   Spells                             Type                      Level
   a - Corona                         Hexes                        1
   b - Slow                           Hexes                        2
   c - Inner Flame                    Hexes/Fire                   3
   d - Portal Projectile              Hexes/Translocation          3
   e - Cause Fear                     Hexes                        4
   f - Leda's Liquefaction            Hexes/Earth                  4


   Skills:
 - Level 3.0 Fighting
 * Level 2.5 Axes
 - Level 1.5 Armour
 - Level 0.7 Dodging
 - Level 1.5 Invocations


You had one spell level left.
You didn't know any spells.

Dungeon Overview and Level Annotations

Branches:
Dungeon (1/15)

Altars:


Innate Abilities, Weirdness & Mutations

You do not eat or drink.
Your flesh is vulnerable to fire.
You are immune to poison.
Your flesh is cold resistant. (rC+)
You are immune to negative energy. (rN+++)
You are immune to unholy pain and torment.
You can survive without breathing.


Message History

You miss the bat. The bat hits you but does no damage. The bat misses you.
The bat closely misses you.
You hit the bat.
You kill the bat!
Lugonu accepts your kill.
No target in view!
No target in view!
No target in view!
No target in view!
No target in view!
No target in view!
No target in view!
No target in view!
No target in view!
No target in view!
No target in view!
No target in view!
No target in view!
No target in view!
Are you sure you want to abandon this character and quit the game? (Confirm with "yes".)

.#.######..#####.#
........#.....##.#
##.####'##..#.##(#
....#....##.#.##(#
....#.........##(#
....#.†.......##(###
....#..............#
....#..............#
....#....(.....†@†.#
....#.......##'#........
....###.....##...#######
#+#####.....###..# ######
...... . ..>####....###
.....##############........##
..............# ##..........##
..............# #............#
.......##....####............##


There were no monsters in sight!

Vanquished Creatures
  A leopard gecko (D:1)
  2 goblins (D:1)
  A hobgoblin (D:1)
  A ball python (D:1)
  4 bats (D:1)
  A frilled lizard (D:1)
  4 kobolds (D:1)
  2 rats (D:1)
16 creatures vanquished.

Notes
Turn   | Place    | Note
-------+----------+-------------------------------------------
     0 | Abyss:1  | Kurtz the Mummy Abyssal Knight began the quest for the Orb.
     0 | Abyss:1  | Reached XP level 1. HP: 18/18 MP: 2/2
    13 | Abyss:1  | Found a corrupted altar of Lugonu.
    65 | Abyss:1  | Found a deep blue altar of Sif Muna.
   129 | Abyss:2  | Noticed a spatial vortex
   148 | Abyss:2  | Noticed a quasit
   178 | D:1      | Escaped the Abyss
   533 | D:1      | Reached * piety under Lugonu
   706 | D:1      | Reached XP level 2. HP: 22/24 MP: 3/3
   868 | D:1      | Quit the game

Vault maps used:
D:1:      minmay_arrival_loop

Skill      XL: |  1 |
---------------+----+-----
Axes           | 2 |  2.5
Fighting       | |  3.0
Armour         | |  1.5
Dodging        | |  0.7
Invocations    | |  1.5

Action                   || total
-------------------------++-------
Melee: Hand axe          ||    42
Invok: Depart the Abyss  ||     1
Armor: Scale mail        ||    21
       Leather armour    ||     1
Dodge: Dodged            ||    34
